 Dungeon Crawl Stone Soup version 0.30-a0-385-gfebfb9b408 (webtiles) character file.

Game seed: 5099889856415838677

17 PyroL the Grave Robber (level 2, 0/18 (19) HPs)
             Began as a Demonspawn Necromancer on Dec 3, 2022.
             Slain by a jackal (2 damage)
             ... on level 1 of the Dungeon.
             The game lasted 00:01:16 (551 turns).

PyroL the Grave Robber (Demonspawn Necromancer)      Turns: 551, Time: 00:01:16

HP:   0/18 (19)     AC:  2    Str:  8    XL:     2   Next: 44%
MP:   14/14         EV: 12    Int: 16    God:
Gold: 38            SH:  4    Dex: 13    Spells: 5/6 levels left

rFire   . . .      SeeInvis .    f - +0 dagger
rCold   . . .      Faith    .    (no shield)
rNeg    . . .      Spirit   .    a - +0 robe
rPois   .          Reflect  .    (no helmet)
rElec   .          Harm     .    (no cloak)
rCorr   .          Rampage  .    (no gloves)
Will    .....                    (no boots)
Stlth   ++........               (no amulet)
HPRegen 0.23/turn                c - ring of magical power
MPRegen 0.14/turn                (no ring)

@: about to teleport, drained
A: large bone plates 1
a: no special abilities


You were on level 1 of the Dungeon.
You visited 1 branch of the dungeon, and saw 1 of its levels.

You collected 38 gold pieces.

Inventory:

Hand Weapons
 f - a +0 dagger (weapon)
Missiles
 h - 5 curare-tipped darts
Armour
 a - a +0 robe (worn)
Jewellery
 c - a ring of magical power (left hand)
Scrolls
 d - a scroll of magic mapping {unknown}
 e - a scroll of teleportation
 g - a scroll of blinking {unknown}
 i - a scroll of noise {unknown}
Potions
 b - a potion of magic
 j - a potion of mutation {unknown}
 k - a potion of curing {unknown}
 l - a potion of heal wounds {unknown}


   Skills:
 - Level 1.7 Dodging
 - Level 1.7 Stealth
 + Level 2.5 Spellcasting
 + Level 4.8 Necromancy


You had 5 spell levels left.
You knew the following spells:

 Your Spells              Type           Power      Damage    Failure   Level
a - Necrotise             Necr           68%        1d7       2%          1

Your spell library contained the following spells:

 Spells                   Type           Power      Damage    Failure   Level
 Vampiric Draining        Necr           17%        2d7       9%          3
 Animate Dead             Necr           17%        N/A       26%         4
 Agony                    Necr           17%        N/A       58%         5


Dungeon Overview and Level Annotations

Branches:
Dungeon (1/15)

Altars:

Shops:
D:1 (


Innate Abilities, Weirdness & Mutations

You are partially covered in large bone plates. (SH +4)


Message History

The jackal bites your jackal skeleton. The jackal bites you.
The jackal barely misses you. The jackal attacks as you move away!
The jackal closely misses you. The jackal attacks as you move away!
The jackal bites you. The jackal misses you.
The jackal attacks as you move away! The jackal bites you.
Your jackal skeleton barely misses the jackal.
The jackal closely misses you. The jackal misses you.
The jackal attacks as you move away! You block the jackal's attack.
The jackal attacks as you move away! The jackal bites you.
The giant cockroach barely misses your jackal skeleton.
Something bites your jackal skeleton.
The giant cockroach bites your jackal skeleton.
The jackal bites you but does no damage.
The jackal attacks as you move away! The jackal bites you.
* * * LOW HITPOINT WARNING * * *
The jackal barely misses you. The jackal attacks as you move away!
You block the jackal's attack.
Your jackal skeleton bites the jackal but does no damage.
The goblin hits you with a +2 dagger of draining.
* * * LOW HITPOINT WARNING * * *
You feel drained.
* * * LOW HITPOINT WARNING * * *
Your jackal skeleton barely misses the jackal.
The giant cockroach bites your jackal skeleton.
The jackal bites you.
* * * LOW HITPOINT WARNING * * *
As you read the scroll labelled JAUZ HUVIZIALAV, it crumbles to dust.
You feel strangely unstable.
It was a scroll of teleportation.
Your jackal skeleton bites the giant cockroach but does no damage.
The giant cockroach barely misses your jackal skeleton.
You hit the jackal but do no damage.
Your jackal skeleton misses the giant cockroach.
The jackal misses you. The jackal bites you.
* * * LOW HITPOINT WARNING * * *
The giant cockroach barely misses your jackal skeleton.
Your jackal skeleton bites the giant cockroach but does no damage.
The giant cockroach completely misses your jackal skeleton.
The jackal bites you.
You die...

..................#.# #
..................#.###
.......................
......................#
................(......
.......#h##B.###....)..
.......#g.Z..###.......
#...##hhhh...#.........
.#. #@####....###.##..
#.# #....รท........ ..#
##...###.##... #.##
###.....###.. #.
#.......... ..
##>..#####.. .. #....#
### ... #....# #....#


You could see 5 jackals, a giant cockroach (ally target), a goblin and a
friendly jackal skeleton.

Vanquished Creatures
  An endoplasm (D:1)
  A giant cockroach (D:1)
  A goblin (D:1)
  2 hobgoblins (D:1)
  2 jackals (D:1)
  4 ball pythons (D:1)
  2 frilled lizards (D:1)
  2 kobolds (D:1)
  A rat (D:1)
16 creatures vanquished.

Vanquished Creatures (collateral kills)
  A rat (D:1)
1 creature vanquished.

Grand Total: 17 creatures vanquished

Notes
Turn   | Place    | Note
-------+----------+-------------------------------------------
     0 | D:1      | PyroL the Demonspawn Necromancer began the quest for the
                  | Orb.
     0 | D:1      | Reached XP level 1. HP: 13/13 MP: 3/3
   209 | D:1      | Gained mutation: You are partially covered in large bone
                  | plates. (SH +4) [demonic ancestry]
   209 | D:1      | Reached XP level 2. HP: 11/19 MP: 5/5
   326 | D:1      | Found a faded altar of an unknown god.
   471 | D:1      | Found Nuirergh's Weapon Emporium.
   551 | D:1      | Slain by a jackal

Illustrated notes

Levels and vault maps discovered:
D:1:      beargit_arrival_greenhouse, layout_rooms, serial_shops,
          nicolae_lakefront_shop, chequers_ecumenical_altar_simple

Action                   || total
-------------------------++-------
Melee: Dagger            ||    15
       Unarmed           ||     2
 Cast: Necrotise         ||    25
  Use: Scroll            ||     1
 Stab: Sleeping          ||     2
Armor: Robe              ||     5
Dodge: Dodged            ||    20
Block: Other             ||     8

Table legend: (Time is in decaauts)
 A = Elapsed time spent in this place.
 B = Non-inter-level travel time spent in this place.
 C = Inter-level travel time spent in this place.
 D = Time resting spent in this place.
 E = Time spent auto-exploring this place.
 F = Levels seen in this place.
 G = Mean time per level.
                   A        B        C        D        E       F      G
               +--------+--------+--------+--------+--------+-----+--------+
         Total |    550 |    550 |      0 |     34 |    384 |   1 |  550.0 |
       Dungeon |    550 |    550 |      0 |     34 |    384 |   1 |  550.0 |
               +--------+--------+--------+--------+--------+-----+--------+

Top non-repeatable levels by time:
     D:1: 550 daAuts
